 Dungeon Crawl Stone Soup version 0.26.1-11-gd32895ea62 (webtiles) character file.

Game seed: 14769780053377770101

33924 robloxmaster the Warrior (level 13, 0/136 HPs)
             Began as a Hill Orc Monk on May 17, 2021.
             Was a High Priest of the Shining One.
             Slain by a fire elemental (5 damage)
             ... led by Azrael
             ... on level 13 of the Dungeon.
             The game lasted 00:51:41 (17912 turns).

robloxmaster the Warrior (Hill Orc Monk)           Turns: 17912, Time: 00:51:42

Health: 0/136      AC: 20    Str: 19    XL:     13   Next: 74%
Magic:  16/19      EV: 11    Int: 10    God:    the Shining One [*****.]
Gold:   918        SH: 12    Dex: 11    Spells: 12/12 levels left

rFire    . . .     SeeInvis .   m - +1 war axe (flame)
rCold    . . .     Faith    .   w - +2 buckler
rNeg     + + .     Spirit   .   d - +0 chain mail
rPois    +         Reflect  +   g - +1 helmet
rElec    .         Harm     .   b - +2 cloak {rPois}
rCorr    .         Rampage  .   G - +0 pair of gloves
Will     .....                  (no boots)
Stlth    ..........             v - amulet of reflection
HPRegen  0.32/turn              a - ring of stealth
MPRegen  0.16/turn              K - ring of wizardry

@: glowing
A: repulsion field 1, clumsy 1
a: Renounce Religion, Divine Shield, Cleansing Flame, Summon Divine Warrior


You were on level 13 of the Dungeon.
You worshipped the Shining One.
The Shining One was extremely pleased with you.
You visited 2 branches of the dungeon, and saw 14 of its levels.
You also visited: Ossuary and Bailey.

You collected 918 gold pieces.

Inventory:

Hand Weapons
 k - a +3 hand axe of freezing
 m - a +1 war axe of flaming (weapon)
 M - the +2 hunting sling of Qazlal's Wrath {venom, rC++ Will- Str+6}
   (You found it on level 10 of the Dungeon)

   It poisons the ammo it fires.
   It affects your strength (+6).
   It greatly protects you from cold.
   It affects your willpower, your defense against some magical effects.
Missiles
 p - 18 sling bullets
 q - 224 stones (quivered)
Armour
 b - a +2 cloak of poison resistance (worn)
 d - a +0 chain mail (worn)
 g - a +1 helmet (worn)
 w - a +2 buckler (worn)
 G - a +0 pair of gloves (worn)
Jewellery
 a - a ring of stealth (left hand)
 f - an uncursed amulet of the acrobat
 u - an uncursed amulet of faith {unknown}
 v - an amulet of reflection (around neck)
 K - a ring of wizardry (right hand)
Wands
 y - a wand of polymorph (8)
 z - a wand of digging (11)
 D - a wand of flame (16)
 I - a wand of enslavement (6)
 J - a wand of iceblast (27)
 O - a wand of acid (13)
 Q - a wand of disintegration (10)
Scrolls
 c - 2 scrolls of fog
 e - 6 scrolls of amnesia
 i - 10 scrolls of identify
 j - 2 scrolls of enchant weapon
 n - 7 scrolls of remove curse
 o - a scroll of brand weapon
 B - a scroll of blinking {unknown}
 E - 5 scrolls of noise
 F - 3 scrolls of immolation
 L - 3 scrolls of enchant armour
Potions
 h - 2 potions of lignification
 l - 3 potions of flight
 r - 3 potions of magic
 s - a potion of mutation
 t - a potion of might
 N - a potion of cancellation {unknown}


   Skills:
 + Level 18.8 Fighting
 * Level 15.2 Axes
 * Level 12.6 Armour
 - Level 2.5 Dodging
 - Level 1.6 Stealth
 - Level 4.5 Shields
 + Level 8.6 Invocations


You had 12 spell levels left.
You didn't know any spells.
Your spell library contained the following spells:

 Spells                   Type           Power        Failure   Level
 Corona                   Hex            0%           65%         1
 Sandblast                Erth           0%           65%         1
 Blink                    Tloc           N/A          80%         2
 Passwall                 Tmut/Erth      0%           80%         2
 Slow                     Hex            0%           80%         2
 Gell's Gravitas          Tloc           0%           95%         3
 Inner Flame              Hex/Fire       0%           95%         3
 Lesser Beckoning         Tloc           0%           95%         3
 Portal Projectile        Hex/Tloc       0%           95%         3
 Stone Arrow              Conj/Erth      0%           95%         3
 Teleport Other           Tloc           0%           95%         3
 Cause Fear               Hex            0%           100%        4
 Leda's Liquefaction      Hex/Erth       0%           100%        4
 Passage of Golubria      Tloc           N/A          100%        4
 Petrify                  Tmut/Erth      0%           100%        4
 Lee's Rapid Deconstruct  Erth           0%           100%        5


Dungeon Overview and Level Annotations

Branches:
Dungeon (13/15)            Temple (1/1) D:4            Lair (0/6) D:11
    Orc (0/2) D:12        Ossuary (visited)          Bailey (visited)
 Vaults: D:13-14

Altars:
Ashenzari
Cheibriados
Dithmenos
Elyvilon
Fedhas
Gozag
Hepliaklqana
Kikubaaqudgha
Makhleb
Nemelex Xobeh
Okawaru
Qazlal
Ru
Sif Muna
Trog
Uskayaw
Vehumet
Wu Jian
Xom
Yredelemnul
Zin
The Shining One

Annotations:
D:13 Azrael


Innate Abilities, Weirdness & Mutations

You are surrounded by a mild repulsion field. (EV +2)
You are clumsy. (Dex -2)


Message History

* * * LOW HITPOINT WARNING * * *
The fire elemental closely misses you.
Azrael struggles against the net.
Azrael struggles against the net.
You feel better. The fire elemental hits you. The fire elemental burns you!
* * * LOW HITPOINT WARNING * * *
Azrael struggles against the net.
Azrael howls in rage.
Azrael gestures at you.
The bolt of fire hits the fire elemental.
The fire elemental completely resists.
The bolt of fire misses you.
Azrael struggles against the net.
The fire elemental hits you. The fire elemental burns you!
* * * LOW HITPOINT WARNING * * *
Okay, then.
Aiming: Paralyse
Press: ? - help, Shift-Dir - straight line, f - fire elemental
Aim: a fire elemental (haloed, infinite will)
The fire elemental is unaffected.
The now-empty wand crumbles to dust.
The fire elemental hits you. The fire elemental burns you!
You die...

############
...........#
.......R...#
......†.°..#
##########○# #.#
#E# #.# #@# #.#
#.# #.# #.# #.#
#.#
##.#############.#
.................#
.................#
.................#
#...############.#


You could see a fire elemental.

Vanquished Creatures
  Gastronok (D:11)
  The ghost of Zeld the Thrower, a journeyman OpFi of Okawaru (D:10)
  Erolcha (D:11)
  3 boulder beetles
  A centaur warrior (D:12)
  5 two-headed ogres
  2 ogre magi (D:11)
  Nergalle (D:10)
  5 skeletal warriors (D:11)
  2 unseen horrors (D:11)
  A deep elf archer (D:10)
  An ugly thing (D:11)
  4 cyclopes
  A deep elf mage (D:12)
  An elephant (D:11)
  A gargoyle (D:12)
  A centaur skeleton (D:11)
  A kobold demonologist (D:12)
  A redback zombie (D:13)
  6 trolls
  A hornet (D:12)
  Prince Ribbit (D:9)
  3 shadows
  Sigmund (D:3)
  A basilisk (D:12)
  15 yaks
  2 wyverns
  2 fire elementals (D:13)
  A vampire mosquito (D:11)
  A soldier ant (D:12)
  5 hell hounds (D:13)
  7 black bears
  4 ice beasts
  16 orc warriors
  2 necrophages
  2 sky beasts
  An eye of draining (D:8)
  5 ogres
  14 centaurs
  3 big kobolds
  9 bullfrogs
  5 water moccasin zombies (Ossuary)
  A wyvern zombie (D:11)
  2 scorpions
  A water moccasin skeleton (D:9)
  8 wights
  14 killer bees
  8 howler monkeys
  2 bullfrog zombies
  A centaur zombie (D:7)
  4 quasits
  16 hounds
  4 jellies
  7 orc priests
  Crazy Yiuf (D:2)
  4 bullfrog skeletons
  Jessica (D:3)
  7 iguanas
  5 orc wizards
  6 worker ants
  A killer bee zombie (D:6)
  5 big kobold zombies (Ossuary)
  A hound skeleton (D:5)
  2 mummies (Ossuary)
  2 worker ant zombies
  15 adders
  3 gnolls
  A howler monkey skeleton (D:6)
  A shadow imp (D:8)
  4 white imps
  An ooze (D:1)
  4 adder zombies (Ossuary)
  An adder skeleton (D:6)
  2 worms
  A dart slug (D:1)
  6 leopard geckos
  67 orcs
  5 ball pythons
  5 giant cockroaches
  2 gnoll zombies (Ossuary)
  8 goblins
  7 hobgoblins
  17 jackals
  5 quokkas
  9 bats
  6 frilled lizards
  5 hobgoblin zombies (Ossuary)
  A jackal skeleton (D:7)
  20 kobolds
  4 kobold zombies (Ossuary)
  A leopard gecko skeleton (D:4)
  2 orc zombies (Ossuary)
  12 rats
459 creatures vanquished.

Vanquished Creatures (collateral kills)
  A boulder beetle (D:8)
1 creature vanquished.

Vanquished Creatures (others)
  A jelly (D:6)
  A fungus (D:11)
  3 plants
5 creatures vanquished.

Grand Total: 465 creatures vanquished

Notes
Turn   | Place    | Note
-------+----------+-------------------------------------------
     0 | D:1      | robloxmaster the Hill Orc Monk began the quest for the Orb.
     0 | D:1      | Reached XP level 1. HP: 19/19 MP: 1/1
   124 | D:1      | Reached XP level 2. HP: 10/27 MP: 2/2
   525 | D:1      | Reached skill level 4 in Fighting
   591 | D:1      | Reached XP level 3. HP: 28/33 MP: 3/3
   626 | D:1      | Reached skill level 5 in Axes
  1288 | D:1      | Reached skill level 1 in Armour
  1508 | D:1      | Reached XP level 4. HP: 29/41 MP: 4/4
  2665 | D:2      | Reached XP level 5. HP: 44/47 MP: 5/5
  2895 | D:2      | Found an ornate altar of the Wu Jian Council.
  2938 | D:2      | Found a sacrificial altar of Ru.
  2938 | D:2      | Found a shadowy altar of Dithmenos.
  3204 | D:2      | Found a runed translucent door.
  3205 | D:2      | Noticed Crazy Yiuf
  3222 | D:2      | Killed Crazy Yiuf
  3385 | D:2      | Found an opulent altar of Gozag.
  3385 | D:2      | Found a sparkling altar of Nemelex Xobeh.
  3581 | D:3      | Reached skill level 5 in Fighting
  3750 | D:3      | Reached XP level 6. HP: 55/56 MP: 6/6
  4654 | D:3      | Noticed Jessica
  4697 | D:3      | Killed Jessica
  4968 | D:3      | Noticed Sigmund
  4974 | D:3      | Gained mutation: You are clumsy. (Dex -2) [potion of
                  | mutation]
  4974 | D:3      | Gained mutation: You are surrounded by a mild repulsion
                  | field. (EV +2) [potion of mutation]
  4989 | D:3      | Killed Sigmund
  4990 | D:3      | Reached skill level 6 in Fighting
  4990 | D:3      | Reached XP level 7. HP: 53/63 MP: 7/7
  5463 | D:4      | Found a staircase to the Ecumenical Temple.
  5472 | Temple   | Entered the Ecumenical Temple
  5697 | Temple   | Became a worshipper of the Shining One
  5697 | Temple   | Reached * piety under the Shining One
  5697 | Temple   | Reached ** piety under the Shining One
  5971 | D:5      | Entered Level 5 of the Dungeon
  5993 | D:5      | Found a blossoming altar of Fedhas.
  6229 | D:5      | Reached skill level 1 in Shields
  6558 | D:5      | Reached XP level 8. HP: 62/70 MP: 8/8
  6678 | D:5      | Reached skill level 5 in Armour
  6721 | D:5      | Reached skill level 7 in Fighting
  6868 | D:5      | Found an ancient bone altar of Kikubaaqudgha.
  7910 | D:6      | Reached XP level 9. HP: 81/81 MP: 9/9
  7926 | D:6      | Reached skill level 8 in Fighting
  8038 | D:6      | Found a shimmering blue altar of Sif Muna.
  8554 | D:7      | Found a sand-covered staircase.
  8563 | Ossuary  | Entered an ossuary
  8596 | Ossuary  | Reached skill level 1 in Invocations
  8613 | Ossuary  | Reached *** piety under the Shining One
  8702 | Ossuary  | Reached **** piety under the Shining One
  8940 | D:7      | Reached skill level 10 in Axes
  8993 | D:7      | Reached skill level 9 in Fighting
  9461 | D:8      | Reached XP level 10. HP: 88/91 MP: 13/13
  9468 | D:8      | Reached ***** piety under the Shining One
  9595 | D:8      | Reached skill level 5 in Invocations
  9784 | D:8      | Noticed a boulder beetle
 10168 | D:8      | Killed a boulder beetle
 10387 | D:8      | Found a glowing silver altar of Zin.
 10660 | D:8      | Reached skill level 10 in Fighting
 10782 | D:8      | Found a glowing golden altar of the Shining One.
 11095 | D:9      | Noticed a two-headed ogre
 11106 | D:9      | Killed a two-headed ogre
 11268 | D:9      | Found a white marble altar of Elyvilon.
 11835 | D:9      | Noticed Prince Ribbit
 11852 | D:9      | Killed Prince Ribbit
 11853 | D:9      | Reached XP level 11. HP: 101/101 MP: 16/16
 12095 | D:10     | Entered Level 10 of the Dungeon
 12167 | D:10     | Got a slimy hunting sling
 12216 | D:10     | Found a flagged portal.
 12237 | Bailey   | Entered a bailey
 12887 | Bailey   | Reached skill level 11 in Fighting
 13492 | D:10     | Noticed a two-headed ogre
 13506 | D:10     | Killed a two-headed ogre
 13594 | D:10     | Found a runed translucent gate.
 13595 | D:10     | Found a runed translucent gate.
 13595 | D:10     | Found a runed translucent gate.
 13595 | D:10     | Noticed a cyclops
 13596 | D:10     | Noticed a deep elf archer
 13596 | D:10     | Noticed Zeld's ghost (journeyman OpFi)
 13768 | D:10     | Noticed a two-headed ogre
 13782 | D:10     | Killed a two-headed ogre
 14461 | D:10     | Reached skill level 12 in Fighting
 14461 | D:10     | Killed a deep elf archer
 14462 | D:10     | Reached skill level 10 in Armour
 14465 | D:10     | Killed Zeld's ghost
 14469 | D:10     | Killed a cyclops
 14470 | D:10     | Reached skill level 13 in Fighting
 14584 | D:10     | Identified the +2 hunting sling of Qazlal's Wrath {venom,
                  | rC++ Will- Str+6} (You found it on level 10 of the Dungeon)
 14698 | D:11     | Noticed Gastronok
 14741 | D:11     | Killed Gastronok
 14742 | D:11     | Reached XP level 12. HP: 87/116 MP: 18/18
 14764 | D:11     | Reached skill level 14 in Fighting
 14839 | D:11     | Found a bloodstained altar of Trog.
 14902 | D:11     | Reached skill level 15 in Fighting
 15139 | D:11     | Noticed a boulder beetle
 15155 | D:11     | Killed a boulder beetle
 15215 | D:11     | Reached skill level 16 in Fighting
 15266 | D:11     | Noticed an ogre mage
 15285 | D:11     | Killed an ogre mage
 15333 | D:11     | Noticed a two-headed ogre
 15346 | D:11     | Killed a two-headed ogre
 15463 | D:11     | Noticed a boulder beetle
 15486 | D:11     | Killed a boulder beetle
 15487 | D:11     | Reached skill level 17 in Fighting
 15895 | D:11     | Noticed Nergalle
 15895 | D:11     | Noticed an ogre mage
 15921 | D:10     | Reached XP level 13. HP: 114/132 MP: 19/19
 15990 | D:10     | Killed Nergalle
 16008 | D:11     | Paralysed by an ogre mage for 3 turns
 16016 | D:11     | Killed an ogre mage
 16036 | D:11     | Reached skill level 18 in Fighting
 16410 | D:11     | Found a staircase to the Lair.
 16607 | D:11     | Noticed Erolcha
 16615 | D:11     | Killed Erolcha
 16906 | D:12     | Got a brightly glowing hand axe
 16907 | D:12     | Identified the +3 hand axe "Suef" {flame, rPois Str-4 SInv}
                  | (You found it on level 12 of the Dungeon)
 17090 | D:12     | Found a staircase to the Orcish Mines.
 17212 | D:12     | Reached skill level 15 in Axes
 17891 | D:13     | Noticed Azrael
 17904 | D:13     | HP: 6/136 [Azrael/+1 scimitar of flaming (1)]
 17910 | D:13     | HP: 4/136 [fire elemental[Azrael] (3)]
 17912 | D:13     | Slain by a fire elemental

Illustrated notes

Levels and vault maps discovered:
D:1:      saegor_arrival_under_anarchy, layout_basic
D:2:      layout_basic, general_overflow_altar,
          gammafunk_temple_overflow_elements, grunt_temple_overflow_opulence,
          uniq_crazy_yiuf_cottage
D:3:      layout_rooms, uniq_jessica, uniq_sigmund
D:4:      layout_rooms, temple_hall
D:5:      layout_rooms, kennysheep_mini, columned_hall_lemuel, fedhas_altar_2
D:6:      layout_basic, led_sif_pool, nrook_campfire
D:7:      layout_rooms, enter_ossuary_1
D:8:      layout_cave_pools, zin_academy, nicolae_tso_swordbearing_angel
D:9:      layout_basic, nicolae_overflow_crystal_walls, uniq_prince_ribbit1
D:10:     layout_loops_ring, serial_rivers, chequers_serial_rivers_micro_d,
          chequers_serial_rivers_micro_b, chequers_serial_rivers_micro_d,
          chequers_serial_rivers_micro_d, chequers_serial_rivers_small_a,
          chequers_serial_rivers_micro_c, enter_bailey_5, gammafunk_ghost_split
D:11:     layout_basic, david_lair_generic, basic_altar, minivault_28,
          uniq_gastronok, uniq_erolcha, uniq_nergalle
D:12:     layout_roguey, david_orc_2
D:13:     layout_long_grid, dk_noncrumbling_4, uniq_azrael
Temple:   nicolae_temple_figure_eight

Skill      XL: |  1  2  3  4  5  6  7  8  9 10 11 12 13 |
---------------+----------------------------------------+-----
Fighting       | 4 5 6 7 9 10 13 17 18 | 18.8
Axes           | 5 6 7 9 10 11 13 14 15 | 15.2
Armour         | 1 2 4 6 7 9 10 11 12 | 12.6
Shields        | 1 4 |  4.5
Invocations    | 4 7 8 |  8.6
Dodging        | |  2.5
Stealth        | |  1.6

Action                   |  1- 3 |  4- 6 |  7- 9 | 10-12 | 13-15 || total
-------------------------+-------+-------+-------+-------+-------++-------
Melee: Hand axe          |   140 |   244 |   481 |   457 |       ||  1322
       War axe           |       |       |       |   181 |   272 ||   453
Throw: Stone             |       |       |     3 |     3 |       ||     6
       Throwing net      |       |       |       |       |     1 ||     1
Invok: Divine Shield     |       |       |     3 |    11 |     3 ||    17
       Summon Divine War |       |       |       |     1 |       ||     1
       Cleansing Flame   |       |       |       |     5 |     1 ||     6
Evoke: Wand              |       |       |       |     6 |     1 ||     7
  Use: Potion            |       |     8 |     1 |     9 |     2 ||    20
       Scroll            |       |     1 |    10 |     3 |     3 ||    17
 Stab: Sleeping          |     1 |     4 |       |       |       ||     5
Armor: Robe              |    34 |    17 |       |       |       ||    51
       Leather armour    |       |    56 |     5 |       |       ||    61
       Chain mail        |       |       |   189 |   224 |    82 ||   495
Dodge: Dodged            |   114 |   182 |   212 |   305 |    51 ||   864
Block: Other             |       |       |    10 |       |       ||    10
       Buckler           |       |       |   101 |   316 |   125 ||   542
       Reflection        |       |       |       |     2 |    11 ||    13
